 Dungeon Crawl Stone Soup version 0.29.1-2-gbd0b4ee654 (webtiles) character file.

Game seed: 4251948748919626078

24 gzilladon the Shield-Bearer (level 3, 35/35 HPs)
             Began as a Gnoll Fighter on Nov 9, 2022.
             Was a Follower of Dithmenos.
             Quit the game on level 1 of the Dungeon.
             The game lasted 00:01:59 (687 turns).

gzilladon the Shield-Bearer (Gnoll Fighter)          Turns: 687, Time: 00:01:59

Health: 35/35      AC:  7    Str: 17    XL:     3   Next: 2%
Magic:  3/3        EV:  9    Int:  7    God:    Dithmenos [*.....]
Gold:   50         SH:  5    Dex: 11    Spells: 3/3 levels left

rFire   . . .      SeeInvis .   a - +0 war axe
rCold   . . .      Faith    .   c - +0 buckler
rNeg    . . .      Spirit   .   b - +0 scale mail
rPois   .          Reflect  .   (no helmet)
rElec   .          Harm     .   (no cloak)
rCorr   .          Rampage  .   (no gloves)
Will    .....                   (no boots)
Stlth   ..........              (no amulet)
HPRegen 0.11/turn               (no ring)
MPRegen 0.08/turn               (no ring)

@: wreathed by umbra
A: fangs 1, strong nose, distributed training
a: Renounce Religion


You were on level 1 of the Dungeon.
You worshipped Dithmenos.
Dithmenos was aware of your devotion.
You visited 1 branch of the dungeon, and saw 1 of its levels.

You collected 50 gold pieces.

Inventory:

Hand Weapons
 a - a +0 war axe (weapon)
Missiles
 i - 3 poisoned darts (quivered)
 k - 9 stones
Armour
 b - a +0 scale mail (worn)
 c - a +0 buckler (worn)
Jewellery
 h - a +6 ring of intelligence
Scrolls
 f - a scroll of noise {unknown}
 m - a scroll of blinking {unknown}
 n - a scroll of vulnerability {unknown}
Potions
 d - 2 potions of might
 e - a potion of curing {unknown}
 g - 2 potions of attraction {unknown}
 j - a potion of brilliance {unknown}
 l - a potion of flight {unknown}


   Skills:
 + Level 6.5 Fighting
 + Level 0.6 Short Blades
 + Level 0.6 Long Blades
 + Level 4.5 Axes
 + Level 0.6 Maces & Flails
 + Level 0.6 Polearms
 + Level 0.6 Staves
 + Level 0.6 Ranged Weapons
 + Level 0.6 Throwing
 + Level 6.5 Armour
 + Level 0.6 Dodging
 + Level 0.6 Stealth
 + Level 6.5 Shields
 + Level 0.6 Unarmed Combat
 + Level 0.6 Spellcasting
 + Level 0.4 Conjurations
 + Level 0.4 Hexes
 + Level 0.4 Summonings
 + Level 0.4 Necromancy
 + Level 0.4 Translocations
 + Level 0.4 Transmutations
 + Level 0.4 Fire Magic
 + Level 0.4 Ice Magic
 + Level 0.4 Air Magic
 + Level 0.4 Earth Magic
 + Level 0.4 Poison Magic
 + Level 0.8 Invocations
 + Level 0.6 Evocations


You had 3 spell levels left.
You didn't know any spells.
Your spell library contained the following spells:

 Spells                   Type           Power      Damage    Failure   Level
 Magic Dart               Conj           0%         1d3       80%         1
 Searing Ray              Conj           0%         2d4       91%         2
 Fulminant Prism          Conj/Hex       0%         3d6       100%        4


Dungeon Overview and Level Annotations

Branches:
Dungeon (1/15)

Altars:
Dithmenos


Innate Abilities, Weirdness & Mutations

You have very sharp teeth.
Your uncanny sense of smell can sniff out nearby items.
Your experience applies equally to all skills.


Message History

You slash the quokka!
You kill the quokka!
Found a ring mail and a golden potion.
You see here a +0 ring mail.
You see here a +0 ring mail.
Found a purple potion and a scroll labelled TANISM SEOW.
l - a golden potion
Found a faded altar of an unknown god.
g - 2 purple potions (gained 1)
m - a scroll labelled TANISM SEOW A goblin comes into view.
It is wielding a +0 club.
The goblin shouts!
Found a scroll labelled TANISM SEOW.
You block the goblin's attack.
There is a faded altar of an unknown god here.
You hit the goblin but do no damage. The goblin barely misses you.
You slash the goblin!
You kill the goblin!
You have reached level 3!
Your experience leads to an increase in your attributes!
Increase (S)trength, (I)ntelligence, or (D)exterity?
You feel stronger. x2
You see here a +0 club.
There is a faded altar of an unknown god here.
You cannot tell which god this altar belongs to.
Convert to them anyway?
Uppercase [Y]es or [N]o only, please.
You cannot tell which god this altar belongs to.
Convert to them anyway?
Dithmenos accepts your prayer! Dithmenos welcomes you!
You are shrouded in an aura of darkness!
Found 11 gold pieces.
You now have 45 gold pieces (gained 11).
You open the door.
Found a potion of might and a scroll labelled BAPTACR IFAU.
There is an open door here.
Found 5 gold pieces.
d - 2 potions of might (gained 1)
n - a scroll labelled BAPTACR IFAU You now have 50 gold pieces (gained 5).
Unknown command.
Are you sure you want to abandon this character and quit the game? (Confirm with "yes".)

##########.##.....#
#.##.....#
#.##.....#
#.##.....#
#.##.##.##
#....##.# #######.#
#.#
#@################
##.##.......#......
#...........'.##...
#..##.......#.##...
#.......#####.##...
#...###.# #.##...
#...# #.# ###.._)
## #...# #.#
##...^. .## #...#
#.# ##...###


There were no monsters in sight!

Vanquished Creatures
  2 ball pythons (D:1)
  3 bats (D:1)
  4 endoplasms (D:1)
  3 goblins (D:1)
  3 jackals (D:1)
  2 quokkas (D:1)
  2 kobolds (D:1)
  A rat (D:1)
20 creatures vanquished.

Notes
Turn   | Place    | Note
-------+----------+-------------------------------------------
     0 | D:1      | gzilladon the Gnoll Fighter began the quest for the Orb.
     0 | D:1      | Reached XP level 1. HP: 23/23 MP: 1/1
     3 | D:1      | Noticed an electric eel
    10 | D:1      | Noticed an electric eel
    93 | D:1      | Reached XP level 2. HP: 29/29 MP: 2/2
   619 | D:1      | Found a faded altar of an unknown god.
   644 | D:1      | Reached XP level 3. HP: 35/35 MP: 3/3
   646 | D:1      | Prayed at the altar of an unknown god.
   646 | D:1      | Became a worshipper of Dithmenos the Shadowed
   646 | D:1      | Reached * piety under Dithmenos
   687 | D:1      | Quit the game

Illustrated notes

Levels and vault maps discovered:
D:1:      arrival_aquarium_b, layout_basic,
          hellmonk_ecumenical_altar_crossroads, minmay_ruptured

Action                   || total
-------------------------++-------
Melee: War axe           ||    40
Armor: Scale mail        ||    25
Dodge: Dodged            ||    24
Block: Buckler           ||    22
